Map: Simulacrum LE

Players

FuGu

  • Race: Protoss Protoss
  • League: Diamond
  • Spawn Location: 11:00

MacroMan - Winner!

  • Race: Protoss Protoss
  • League: Master
  • Spawn Location: 5:00

VOD

Have the link to the VOD?

Description

Time

  • Played on: June 4, 2020, 6:54 p.m.
  • Length: 19:28
Show
View Real Time Build Order
Export as new Build Order

FuGu Protoss 

Build Orders: Blink Stalkers 

Get SALT Encoding   

  12  0:00  Probe  
  13  0:13  Probe  
  14  0:19  Pylon  
  14  0:25  Probe  
  15  0:37  Probe (Chrono Boost)  
  15  0:40  Gateway  
  16  0:49  Assimilator, Probe (Chrono Boost)  
  17  0:54  Probe (Chrono Boost)  
  18  0:58  Assimilator  
  18  1:05  Probe (Chrono Boost)  
  19  1:13  Gateway  
  19  1:17  Probe (Chrono Boost)  
  20  1:24  Probe (Chrono Boost)  
  20  1:30  Cybernetics Core  
  21  1:38  Probe  
  22  1:41  Pylon  
  22  1:54  Probe  
  23  2:06  Probe, Stalker  
  23  2:07  Warp Gate, Stalker  
  28  2:16  Pylon  
  28  2:22  Pylon  
  28  2:36  Stalker (Chrono Boost)  
  30  2:42  Probe  
  33  2:44  Stalker (Chrono Boost)  
  33  2:54  Probe  
  34  3:01  Twilight Council  
  34  3:06  Pylon  
  33  3:19  Probe  
  34  3:25  Pylon  
  34  3:31  Probe  
  35  3:36  Blink (Chrono Boost)  
  35  3:43  Probe  
  36  3:54  Nexus  
  36  3:55  Probe  
  37  4:04  Stalker  
  37  4:07  Probe  
  40  4:19  Probe  
  41  4:29  Adept x2  
  45  4:31  Probe (Chrono Boost)  
  46  4:42  Gateway  
  46  4:43  Probe (Chrono Boost)  
  47  4:48  Dark Shrine  
  47  4:53  Pylon  
  47  5:05  Probe  
  47  5:06  Probe  
  49  5:18  Probe x2  
  51  5:22  Stalker x2  
  51  5:23  Pylon  
  51  5:30  Probe (Chrono Boost)  
  51  5:32  Probe (Chrono Boost)  
  51  5:35  Pylon  
  53  5:42  Probe (Chrono Boost)  
  55  5:43  Stalker  
  55  5:46  Probe (Chrono Boost)  
  55  5:47  Sentry x2  
  55  5:48  Probe (Chrono Boost)  
  62  5:52  Pylon  
  62  5:53  Robotics Facility  
  62  5:59  Probe x2  
  62  6:02  Assimilator  
  61  6:13  Probe  
  61  6:15  Stalker x3  
  68  6:20  Probe  
  70  6:25  Probe  
  70  6:26  Assimilator  
  71  6:32  Probe  
  71  6:37  Probe  
  71  6:38  Dark Templar x2  
  76  6:45  Probe  
  77  6:49  Probe  
  78  6:57  Probe  
  79  7:09  Probe  
  74  7:18  Stalker x3  
  74  7:20  Probe  
  74  7:21  Charge (Chrono Boost)  
  74  7:22  Forge, Probe  
  80  7:26  Gateway  
  80  7:28  Gateway  
  80  7:33  Templar Archives, Observer (Chrono Boost)  
  81  7:41  Stalker x3  
  88  7:44  Probe  
  88  7:48  Probe  
  88  8:01  Probe  
  88  8:03  Nexus, Protoss Ground Weapons Level 1 (Chrono Boost)  
  88  8:04  Probe  
  90  8:06  Pylon x2  
  90  8:13  Probe  
  90  8:16  Probe  
  92  8:20  High Templar  
  92  8:26  Pylon, Probe  
  94  8:29  Pylon  
  90  8:37  Zealot x4  
  98  8:44  Probe x2  
  100  8:50  Photon Cannon  
  100  8:54  Pylon  
  100  8:56  High Templar, Probe  
  100  8:58  High Templar  
  100  8:59  High Templar  
  100  9:02  High Templar  
  109  9:03  Archon  
  109  9:05  Archon  
  109  9:08  Probe  
  110  9:11  Probe  
  110  9:14  Photon Cannon  
  111  9:21  Probe  
  111  9:22  Assimilator  
  112  9:26  Shield Battery  
  112  9:27  Assimilator  
  112  9:33  Probe (Chrono Boost)  
  112  9:34  Probe (Chrono Boost)  
  112  9:37  Zealot x3  
  112  9:38  Probe (Chrono Boost)  
  121  9:40  Zealot  
  121  9:43  Probe (Chrono Boost)  
  124  9:51  Zealot  
  122  10:05  Zealot x4  
  124  10:07  Probe x2  
  124  10:10  Probe  
  124  10:12  Gateway x2  
  127  10:23  Zealot  
  127  10:27  Probe  
  122  10:38  Nexus  
  102  10:43  Probe  
  102  10:44  Zealot x2  
  102  10:45  Zealot x3  
  102  10:46  Probe  
  102  10:47  Gateway  
  101  10:50  Gateway  
  101  10:55  Protoss Ground Weapons Level 2 (Chrono Boost)  
  101  10:56  Probe  
  92  11:00  Robotics Facility  
  92  11:04  Zealot  
  92  11:05  Zealot x4  
  92  11:08  Probe  
  92  11:09  Dark Templar x2  
  107  11:13  Probe  
  107  11:15  Pylon  
  108  11:19  Gateway  
  108  11:28  High Templar x4  
  108  11:29  High Templar  
  118  11:33  Archon x3  
  117  11:40  Probe  
  117  11:41  Probe x2  
  117  11:44  Pylon  
  117  11:45  High Templar  
  117  11:46  High Templar x3  
  120  11:52  Robotics Bay, Probe  
  118  11:54  Archon x2  
  118  11:57  Probe  
  119  12:01  Pylon  
  119  12:10  Zealot  
  119  12:11  Zealot x4  
  125  12:19  Probe  
  125  12:20  Probe x2  
  128  12:24  Gateway  
  128  12:25  Gateway, Probe  
  128  12:27  Gateway  
  129  12:30  Warp Prism (Chrono Boost), Gateway x2  
  129  12:31  Probe  
  129  12:32  Probe  
  133  12:39  High Templar  
  133  12:40  High Templar x2  
  133  12:41  High Templar  
  141  12:45  Archon x2  
  141  12:52  Photon Cannon  
  141  12:55  Photon Cannon  
  141  12:58  Shield Battery  
  141  13:01  Shield Battery  
  141  13:04  Photon Cannon  
  141  13:07  High Templar x5  
  141  13:11  Archon x2  
  151  13:29  Probe  
  152  13:34  Zealot x4  
  152  13:35  Zealot x6  
  152  13:39  Pylon  
  152  13:40  Pylon  
  158  13:50  Zealot x4  
  158  13:51  Zealot  
  166  14:03  Zealot x9  
  154  14:19  Zealot x4  
  154  14:20  Zealot x2  
  156  14:29  Stalker x4  
  136  14:45  Stalker x2  
  136  14:46  Stalker x3  
  136  14:50  Dark Templar  
  148  14:55  High Templar x5  
  148  14:56  High Templar x2  
  148  14:57  Probe  
  163  15:04  Dark Templar x2  
  163  15:07  Archon x3  
  165  15:09  Stalker  
  167  15:17  Nexus  
  167  15:19  Pylon  
  167  15:22  Warp Prism (Chrono Boost)  
  167  15:23  Protoss Ground Weapons Level 3 (Chrono Boost)  
  165  15:55  Probe  
  162  15:58  Stalker x5  
  162  15:59  Stalker x5  
  180  16:14  Probe  
  181  16:20  Pylon  
  181  16:21  Shield Battery  
  181  16:23  Photon Cannon  
  179  16:27  Observer  
  176  16:33  Probe  
  176  16:37  Zealot x5  
  187  16:40  Zealot x6  
  179  17:31  Dark Templar  
  179  17:32  Stalker x4  
  167  17:41  Stalker  
  167  17:42  Stalker x8  
  177  17:56  Stalker x2  
  177  17:57  Stalker x3  
  185  18:00  Probe  
  172  18:11  Zealot x7  
  182  18:20  Probe  
  182  18:21  Probe  
  182  18:23  Stargate  
  182  18:27  Assimilator  
  184  18:31  Assimilator  
  184  18:32  Assimilator  
  184  18:35  Assimilator  
  184  18:39  Pylon  
  180  18:47  Stalker x2  
  180  18:48  Stalker x9  
  135  18:49  Stalker x4  
  115  19:11  Stalker x8  
  93  19:24  Stalker x2  
Show
View Real Time Build Order
Export as new Build Order

MacroMan Protoss - Winner!

Build Orders: Oracle Opening, Carriers 

Get SALT Encoding   

  12  0:01  Probe  
  13  0:13  Probe  
  14  0:21  Pylon  
  14  0:31  Probe (Chrono Boost)  
  15  0:42  Gateway  
  15  0:44  Probe (Chrono Boost)  
  16  0:50  Assimilator  
  16  0:52  Probe (Chrono Boost)  
  17  0:58  Probe  
  17  0:59  Assimilator  
  18  1:10  Probe  
  19  1:20  Gateway  
  19  1:22  Probe  
  20  1:34  Probe  
  20  1:36  Cybernetics Core  
  21  1:47  Pylon  
  21  1:54  Probe  
  22  2:10  Adept x2 (Chrono Boost)  
  22  2:15  Warp Gate  
  26  2:18  Probe  
  27  2:28  Stargate  
  27  2:38  Stalker  
  29  2:51  Pylon  
  29  2:52  Stalker  
  31  3:14  Oracle (Chrono Boost)  
  34  3:25  Shield Battery  
  34  3:27  Stalker x2  
  38  3:40  Pylon  
  36  4:00  Nexus  
  36  4:06  Phoenix (Chrono Boost)  
  38  4:28  Phoenix (Chrono Boost)  
  38  4:31  Robotics Facility  
  40  4:36  Probe  
  41  4:40  Pylon  
  41  4:48  Probe  
  42  4:54  Phoenix  
  44  5:00  Probe  
  45  5:12  Probe  
  45  5:18  Phoenix (Chrono Boost)  
  46  5:24  Probe  
  47  5:30  Probe (Chrono Boost)  
  47  5:34  Phoenix, Observer  
  49  5:36  Probe (Chrono Boost)  
  53  5:46  Forge  
  53  5:48  Probe x2 (Chrono Boost)  
  54  5:53  Probe (Chrono Boost)  
  54  5:55  Probe (Chrono Boost)  
  56  6:03  Probe  
  57  6:06  Probe  
  58  6:16  Probe  
  58  6:18  Probe  
  60  6:19  Assimilator  
  60  6:21  Assimilator, Photon Cannon  
  60  6:25  Photon Cannon  
  60  6:28  Pylon  
  60  6:29  Probe  
  58  6:36  Stalker  
  60  6:40  Stalker  
  60  6:42  Probe x2  
  64  6:54  Probe  
  65  7:11  Pylon  
  65  7:13  Pylon  
  65  7:23  Observer (Chrono Boost)  
  65  7:25  Photon Cannon  
  65  7:27  Shield Battery  
  65  7:28  Photon Cannon  
  66  7:33  Phoenix  
  66  7:36  Observer (Chrono Boost)  
  69  7:46  Nexus  
  69  7:55  Robotics Bay, Immortal (Chrono Boost)  
  73  7:58  Phoenix  
  75  8:05  Pylon  
  75  8:21  Probe x2  
  75  8:26  Immortal (Chrono Boost)  
  77  8:33  Probe  
  77  8:34  Probe  
  83  8:36  Stalker  
  85  8:45  Probe  
  85  8:46  Probe  
  87  8:55  Photon Cannon  
  87  8:57  Shield Battery  
  87  8:58  Probe x2  
  87  8:59  Disruptor (Chrono Boost)  
  87  9:01  Pylon  
  92  9:04  Probe  
  92  9:08  Protoss Ground Weapons Level 1  
  93  9:10  Probe x2  
  93  9:16  Probe  
  96  9:21  Stalker  
  96  9:22  Probe x2, Stalker  
  102  9:28  Disruptor (Chrono Boost)  
  105  9:33  Pylon  
  104  9:41  Pylon  
  104  9:42  Void Ray  
  108  9:46  Photon Cannon  
  108  9:51  Disruptor (Chrono Boost)  
  111  9:54  Photon Cannon  
  111  9:57  Shield Battery  
  111  10:06  Stalker  
  111  10:17  Disruptor (Chrono Boost)  
  114  10:33  Adept x2  
  103  10:56  Photon Cannon  
  101  10:58  Photon Cannon  
  101  11:00  Probe x2  
  101  11:01  Probe  
  101  11:03  Disruptor (Chrono Boost)  
  104  11:05  Assimilator  
  104  11:08  Assimilator  
  104  11:10  Stargate  
  107  11:12  Probe  
  107  11:13  Probe x2  
  107  11:16  Photon Cannon  
  107  11:18  Shield Battery  
  110  11:20  Pylon  
  110  11:21  Pylon  
  110  11:25  Probe  
  111  11:26  Photon Cannon  
  111  11:28  Shield Battery  
  111  11:29  Disruptor (Chrono Boost)  
  114  11:35  Nexus  
  114  11:39  Pylon  
  114  12:00  Fleet Beacon  
  114  12:01  Photon Cannon  
  114  12:03  Photon Cannon  
  114  12:06  Shield Battery  
  114  12:07  Photon Cannon  
  114  12:09  Photon Cannon  
  114  12:20  Photon Cannon  
  114  12:25  Protoss Shields Level 1 (Chrono Boost)  
  114  12:32  Stargate  
  114  12:39  Stalker x2  
  118  12:53  Photon Cannon  
  118  12:54  Shield Battery, Photon Cannon  
  118  12:56  Photon Cannon  
  130  13:02  Carrier x2 (Chrono Boost)  
  130  13:05  Shield Battery  
  130  13:06  Pylon  
  130  13:13  Stalker x2  
  140  13:20  Pylon  
  140  13:27  Carrier (Chrono Boost)  
  145  14:04  Carrier (Chrono Boost)  
  137  14:20  Zealot  
  139  14:25  Photon Cannon  
  139  14:28  Photon Cannon  
  139  14:38  Cybernetics Core  
  137  14:57  Pylon  
  137  14:58  Nexus  
  137  15:02  Pylon  
  137  15:03  Photon Cannon  
  137  15:07  Pylon  
  137  15:08  Pylon  
  137  15:09  Assimilator  
  137  15:12  Assimilator  
  137  15:18  Shield Battery  
  136  15:37  Protoss Air Weapons Level 1 (Chrono Boost)  
  136  15:40  Fleet Beacon  
  136  15:47  Nexus  
  136  15:53  Pylon  
  136  15:54  Pylon  
  136  16:25  Carrier (Chrono Boost)  
  136  16:27  Photon Cannon  
  136  16:28  Photon Cannon  
  136  16:29  Carrier (Chrono Boost)  
  136  16:31  Photon Cannon  
  142  16:36  Photon Cannon  
  142  16:38  Shield Battery  
  142  16:39  Shield Battery  
  142  16:42  Assimilator  
  142  16:43  Assimilator  
  142  16:44  Disruptor (Chrono Boost)  
  142  16:47  Pylon  
  142  16:49  Pylon  
  142  16:52  Shield Battery, Probe x2  
  145  16:55  Photon Cannon  
  145  17:04  Probe  
  146  17:21  Carrier (Chrono Boost)  
  150  17:23  Carrier (Chrono Boost)  
  150  17:24  Carrier (Chrono Boost)  
  150  17:28  Pylon  
  160  17:30  Pylon  
  154  17:58  Photon Cannon  
  154  18:09  Carrier (Chrono Boost)  
  160  18:27  Nexus  
  160  18:30  Photon Cannon  
  160  18:31  Pylon  
Tags
 
Add a new tag
Caveats
  • Supply blocks, unpowered buildings, or Contaminate may cause inaccurate times.
  • Supply counts are checked every 10 seconds.